 Dungeon Sprint DCSS version 0.21-a0-434-g806c6c2 (webtiles) character file.

5 theanonym the Cudgeler (level 1, -16/19 HPs)
             Began as a Minotaur Fighter on Nov 8, 2017.
             Demolished by an ogre
             ... wielding a +0 giant spiked club
              (25 damage)
             ... in the Dungeon (Sprint IX: "|||||||||||||||||||||||||||||").
             The game lasted 00:00:23 (58 turns).

theanonym the Cudgeler (Minotaur Fighter)             Turns: 58, Time: 00:00:23

Health: -16/19     AC:  6    Str: 20    XL:     1   Next: 66%
Magic:  0/0        EV:  7    Int:  5    God:
Gold:   0          SH:  9    Dex:  9    Spells: 0/0 levels left

rFire    . . .     SeeInvis .   a - +0 flail
rCold    . . .     Gourm    .   c - +0 shield
rNeg     . . .     Faith    .   k - +0 scale mail
rPois    .         Spirit   .   (helmet restricted)
rElec    .         Reflect  .   (no cloak)
rCorr    .         Harm     .   (no gloves)
MR       .....     NoTele   +   (no boots)
Stlth    ..........             (no amulet)
HPRegen  0.06/turn              (no ring)
MPRegen  0.07/turn              (no ring)

@: no status effects
A: retaliatory headbutt, horns 2
a: no special abilities


Innate Abilities, Weirdness & Mutations

You reflexively headbutt those who attack you in melee.
You have a pair of horns on your head.


   Skills:
 - Level 3.6 Fighting
 + Level 4.8 Maces & Flails
 - Level 3.6 Armour
 - Level 3.6 Shields


You couldn't memorise any spells.
You didn't know any spells.

Skill      XL: |  1 |
---------------+----+-----
Maces & Flails | 4 |  4.8
Fighting       | |  3.6
Armour         | |  3.6
Shields        | |  3.6

Action                   || total
-------------------------++-------
Melee: Flail             ||    16
       Headbutt          ||     1
Armor: Scale mail        ||     3
Dodge: Dodged            ||     6
Block: Shield            ||     9

Inventory:

Hand Weapons
 a - a +0 flail (weapon)
Armour
 c - a +0 shield (worn)
 k - a +0 scale mail (worn)
Scrolls
 b - a scroll of blinking
Potions
 d - a potion of might
 e - a potion of curing
 h - a potion of haste
 i - 2 potions of magic
 j - a potion of berserk rage
 q - a potion of heal wounds
Comestibles
 f - a bread ration
 g - 2 chunks of flesh

Dungeon Overview and Level Annotations

Branches:
Dungeon (1/1)

Altars:
You were in the Dungeon. You were not hungry. You visited 1 branch


Message History

q - a potion of heal wounds;
b - a scroll of blinking
k - a +0 scale mail (worn)
Welcome, theanonym the Minotaur Fighter.
Found a staircase leading out of the dungeon.
Unknown command.
Unknown command.
Unknown command.
Setting a skill training target for Maces & Flails at 14.0.
Setting a skill training target for Shields at 15.0.
No target in view!
No target in view!
You open the door.
A frilled lizard, 2 bats, a rat and a hobgoblin come into view.
The hobgoblin shouts!
The frilled lizard hisses angrily.
You closely miss the hobgoblin. Your headbutt misses the hobgoblin.
The hobgoblin barely misses you.
You thump the hobgoblin!
You kill the hobgoblin!
Your Maces & Flails skill increases to level 3!
You block the bat's attack.
You closely miss the bat. Your headbutt misses the bat.
The bat barely misses you. The bat hits you but does no damage.
There is an open door to the Dungeon, spattered with blood here.
You see here a hobgoblin corpse.
You closely miss the bat. Your headbutt misses the bat. The bat hits you.
You block the bat's attack. x2
You take 1 damage, and have 18/19 hp.
You miss the bat. The bat barely misses you. You furiously retaliate!
You headbutt the bat!
You kill the bat!
Your Maces & Flails skill increases to level 4!
The rat twitches its whiskers.
You thump the frilled lizard!
You kill the frilled lizard!
The rat barely misses you.
You hit the rat but do no damage.
The rat bites you but does no damage. x2
You sock the rat!
You kill the rat!
The bat hits you. You block the bat's attack.
You take 1 damage, and have 17/19 hp.
You miss the bat. The bat barely misses you. The bat hits you.
You closely miss the bat. Your headbutt misses the bat.
You block the bat's attack. The bat barely misses you.
You closely miss the bat. Your headbutt misses the bat.
You block the bat's attack. x2
You sock the bat!
You kill the bat!
No target in view!
No target in view!
You butcher the hobgoblin corpse.
g - 2 chunks of flesh
There is an open door to the Dungeon, spattered with blood here.
You see here a hobgoblin skeleton.
There is an open door to the Dungeon, spattered with blood here.
You see here a hobgoblin skeleton.
You open the door.
A worker ant, an ogre, a crimson imp, a zombie and a howler monkey come into view.
The ogre shouts!
The worker ant twitches its antennae in your direction.
The howler monkey howls!
Health restored: 19 You hit the ogre but do no damage.
The howler monkey hoots and howls with incredible vigour!
The crimson imp blinks!
The ogre hits you with a giant spiked club!
Ouch! That really hurt!
* * * LOW HITPOINT WARNING * * *
You take 10 damage, and have 9/19 hp.
MASSIVE DAMAGE!!
You are too injured to fight recklessly!
You are too injured to fight recklessly!
You are too injured to fight recklessly!
You are too injured to fight recklessly!
You hit the ogre but do no damage. You block the ogre's attack.
The crimson imp blinks!
You thump the ogre! You block the ogre's attack.
The crimson imp laughs crazily.
You hit the ogre. You headbutt the ogre!
The ogre hits you with a giant spiked club!!
Ouch! That really hurt!
You die... ▓▓▓▓▓▓▓▓▓▓▓▓▓▓▓▓▓▓ ▓<...÷....@OZ5ah.+ ▓▓▓▓▓▓▓▓▓▓▓▓▓▓▓▓▓▓

You could see an ogre, a howler monkey, a worker ant, a crimson imp and a bat zombie.

Notes
Turn   | Place    | Note
-------+----------+-------------------------------------------
     0 | D        | theanonym the Minotaur Fighter began the quest for the Orb.
     0 | D        | Reached XP level 1. HP: 19/19 MP: 0/0
     5 | D        | Reached skill level 3 in Maces & Flails
     9 | D        | Reached skill level 4 in Maces & Flails
    54 | D        | Noticed an ogre
    54 | D        | Noticed a worker ant
    54 | D        | Noticed a crimson imp
    54 | D        | Noticed a howler monkey
    55 | D        | HP: 9/19 [ogre/giant spiked club (10)]
    58 | D        | Demolished by an ogre

Vanquished Creatures
  2 bats (D)
  A hobgoblin (D)
  A frilled lizard (D)
  A rat (D)
5 creatures vanquished.
